 Dungeon Crawl Stone Soup version 0.19-a0-996-g3cba913 (webtiles) character file.

182 Musica the Conjurer (level 5, -3/42 HPs)
             Began as a Deep Elf Conjurer on July 17, 2016.
             Slain by a slave (6 damage)
             ... led by Pikel
             ... on level 4 of the Dungeon.
             The game lasted 00:14:46 (2753 turns).

Musica the Conjurer (Deep Elf Conjurer)             Turns: 2753, Time: 00:14:46

Health: -3/42      AC: 22    Str:  5    XL:     5   Next: 35%
Magic:  0/14       EV:  2    Int: 21    God:
Gold:   247        SH:  0    Dex: 22    Spells: 3 memorised, 5 levels left

rFire  + . .     SeeInvis .     e - +0 dagger
rCold  + . .     Gourm    .     (armour currently unavailable)
rNeg   + + +     Faith    .     (no shield)
rPois  +         Spirit   .     (helmet currently unavailable)
rElec  +         Dismiss  .     (cloak currently unavailable)
rCorr  +         Reflect  .     (gloves currently unavailable)
SustAt .         Harm     .     (boots currently unavailable)
MR     .....     NoTele   +     (no amulet)
Stlth  ++++......               (no ring)
                                n - +4 ring of evasion

@: agile, tree-form, resistant, very slightly contaminated, hasted, drained,
very quick, not resistant to hostile enchantments, stealthy
A: agile 1
a: no special abilities


You were on level 4 of the Dungeon.
You were hungry.
You were a tree.
You visited 1 branch of the dungeon, and saw 5 of its levels.

You collected 247 gold pieces.

Inventory:

Hand Weapons
 e - a +0 dagger (weapon)
Missiles
 h - 55 arrows
Armour
 a - a +1 robe (melded)
 i - a +0 pair of gloves (melded)
 j - a +0 helmet (melded)
Jewellery
 n - a +4 ring of evasion (left branch)
 p - an uncursed amulet of harm
 u - an uncursed ring of protection from magic
Scrolls
 k - 2 scrolls of identify
 m - a scroll of enchant armour
 o - 2 scrolls of remove curse
Books
 b - a book of Conjurations

   Spells                             Type                      Level
   a - Magic Dart                     Conjuration                  1
   b - Searing Ray                    Conjuration                  2
   c - Dazzling Spray                 Conjuration/Hexes            3
   d - Fulminant Prism                Conjuration/Hexes            4
   e - Iskenderun's Mystic Blast      Conjuration                  4
   f - Iskenderun's Battlesphere      Conjuration/Charms           5
Comestibles
 c - a bread ration
 g - a beef jerky
 q - a slice of pizza
 s - 2 chunks of flesh
 A - 3 fruits


   Skills:
 - Level 2.4(1.6) Dodging
 - Level 2.4(1.6) Stealth
 + Level 4.8(3.9) Spellcasting
 + Level 6.6(5.7) Conjurations


You had 5 spell levels left.
You knew the following spells:

 Your Spells              Type           Power        Failure   Level  Hunger
a - Magic Dart            Conj           ####         1%          1    None
b - Dazzling Spray        Conj/Hex       ###...       14%         3    ###....
c - Iskenderun's Mystic   Conj           ####....     14%         4    ####...


Dungeon Overview and Level Annotations

Branches:
Dungeon (5/15)
 Temple: D:4-7

Altars:

Annotations:
D:4 Pikel


Innate Abilities, Weirdness & Mutations

You are agile. (Dex +2)


Message History

The slave hits you.
* * * LOW HITPOINT WARNING * * *
You hit Pikel but do no damage.
Pikel is lightly wounded.
The slave barely misses you.
You hit Pikel.
Pikel is moderately wounded.
Pikel hits you but does no damage.
The slave hits you but does no damage. x3
You closely miss Pikel.
Pikel is moderately wounded.
Pikel hits you but does no damage. The slave hits you but does no damage.
The slave hits you.
* * * LOW HITPOINT WARNING * * *
You hit Pikel but do no damage.
Pikel is moderately wounded.
The slave hits you but does no damage. x2
You hit Pikel but do no damage.
Pikel is moderately wounded.
The slave is no longer blind.
Pikel barely misses you. The slave hits you.
You die...

#.#..## ....#....#
#.....#######.......#
####...............<#
##...............#
##..............#
#..............#
#.......÷......#
#.pKp......#####
#.p♣p......#
#..........#
#...[......#
#..........#
############


You could see Pikel and 4 slaves.

Vanquished Creatures
  A howler monkey (D:4)
  A worker ant (D:4)
  6 adders
  An ooze (D:2)
  3 dart slugs
  2 giant geckos
  An orc (D:3)
  4 bats
  3 giant cockroaches
  9 goblins
  8 hobgoblins
  A jackal (D:1)
  A quokka (D:4)
  4 giant newts
  4 kobolds
  10 rats
59 creatures vanquished.

Notes
Turn   | Place    | Note
-------+----------+-------------------------------------------
     0 | D:1      | Musica the Deep Elf Conjurer began the quest for the Orb.
     0 | D:1      | Reached XP level 1. HP: 10/10 MP: 6/6
   152 | D:1      | Reached XP level 2. HP: 14/15 MP: 1/8
   230 | D:1      | Reached skill level 5 in Conjurations
   843 | D:1      | Reached XP level 3. HP: 19/19 MP: 7/9
   848 | D:1      | Learned a level 3 spell: Dazzling Spray
  1100 | D:2      | Found a faded altar of an unknown god.
  1480 | D:2      | Reached XP level 4. HP: 23/24 MP: 2/11
  1971 | D:2      | Reached skill level 6 in Conjurations
  2658 | D:4      | Reached XP level 5. HP: 28/28 MP: 8/13
  2664 | D:4      | Learned a level 4 spell: Iskenderun's Mystic Blast
  2692 | D:5      | Entered Level 5 of the Dungeon
  2709 | D:4      | Noticed Pikel
  2709 | D:4      | Noticed a slave
  2728 | D:4      | Noticed a slave
  2729 | D:4      | Gained mutation: You are clumsy. (Dex -2) [potion of mutation]
  2729 | D:4      | Lost mutation: You are clumsy. (Dex -2) [potion of mutation]
  2729 | D:4      | Gained mutation: You are agile. (Dex +2) [potion of mutation]
  2733 | D:4      | Noticed a slave
  2738 | D:4      | Noticed a slave
  2753 | D:4      | Slain by a slave

Vault maps used:
D:1:      arrival_zaba_pyramid
D:2:      ecumenical_altar_1, grunt_ministairs_8, kennysheep_generic_room_9
D:3:      serial_glass, glass_columns_b, glass_columns_a,
          minmay_misc_feat_encased
D:4:      first_bread, uniq_pikel, uniq_sigmund
D:5:      nicolae_overflow_quartered_altars

Skill      XL: |  1  2  3  4 |
---------------+-------------+-----
Conjurations   | 5 6 |  6.6
Spellcasting   | 4 |  4.8
Dodging        | |  2.4
Stealth        | |  2.4

Action                   |  1- 3 |  4- 6 || total
-------------------------+-------+-------++-------
Melee: Dagger            |       |    11 ||    11
 Cast: Magic Dart        |    76 |    63 ||   139
       Dazzling Spray    |       |     4 ||     4
  Use: Scroll            |       |     7 ||     7
       Potion            |       |     8 ||     8
  Eat: Chunk             |     1 |     4 ||     5
Armor: Robe              |     2 |     2 ||     4
       Skin              |       |    34 ||    34
Dodge: Dodged            |    11 |    16 ||    27
